TOP OF THE 1ST |
Los Angeles (NYP) Angels batting - Pitching for Spokane Indians : RHP Javier Cabrera
|
Pitching: RHP Javier Cabrera
|
|
Batting: RHB Jeff Long
|
0-0: Foul Ball, location: 2F 0-1: Foul Ball, location: 2F 0-2: Foul Ball, location: 2F 0-2: Foul Ball, location: 2F 0-2: Ball 1-2: Ball 2-2: Fly out, F8 (Flyball, 78XD, EV 100.0 MPH)
|
Batting: RHB Steve Hasson
|
0-0: Ball 1-0: Foul Ball, location: 2F 1-1: Ball 2-1: Foul Ball, location: 2F 2-2: Foul Ball, location: 2F 2-2: Strikes out swinging
|
Batting: RHB Jon Griffin
|
0-0: Called Strike 0-1: Foul Ball, location: 2F 0-2: Ball 1-2: Strikes out swinging
|
Top of the 1st over - 0 runs, 0 hits, 0 errors, 0 left on base; Los Angeles (NYP) 0 - Spokane 0 |
BOTTOM OF THE 1ST |
Spokane Indians batting - Pitching for Los Angeles (NYP) Angels : RHP Cal Abbott
|
Pitching: RHP Cal Abbott
|
|
Batting: RHB Theo van Gent
|
0-0: Called Strike 0-1: DOUBLE (Line Drive, 9LD, EV 106.9 MPH)
|
Batting: RHB Chance Lamb
|
0-0: Ball 1-0: Ball 2-0: Foul Ball, location: 2F 2-1: Called Strike 2-2: Foul Ball, location: 2F 2-2: Ball 3-2: Foul Ball, location: 2F 3-2: Reached on error, E6 (Groundball, 56, EV 104.4 MPH) Theo van Gent to third
|
Batting: RHB Joe Kemp
|
0-0: Ball Chance Lamb steals 2nd base 1-0: DOUBLE (Line Drive, 7LD, EV 101.2 MPH) Theo van Gent scores Chance Lamb scores
|
Batting: RHB Roberto Gonzalez
|
0-0: Fly out, F9 (Flyball, 9S, EV 92.5 MPH)
|
Batting: RHB Zi-jing Wang
|
0-0: Called Strike Joe Kemp steals 3rd base 0-1: Ball 1-1: Fly out, F8 (Flyball, 8LS, EV 86.2 MPH)
|
Batting: SHB Alvare Bairro
|
0-0: Called Strike 0-1: Foul Ball, location: 2F 0-2: Ball 1-2: Fly out, F5 (Popup, 15S, EV 84.4 MPH)
|
Bottom of the 1st over - 2 runs, 2 hits, 1 error, 1 left on base; Los Angeles (NYP) 0 - Spokane 2 |
TOP OF THE 2ND |
Los Angeles (NYP) Angels batting - Pitching for Spokane Indians : RHP Javier Cabrera
|
Batting: SHB Conor Davies
|
0-0: SINGLE (Groundball, 5S, EV 65.6 MPH) (infield hit)
|
Batting: RHB Tsega Haida
|
0-0: Fly out, F8 (Line Drive, 8RM, EV 94.4 MPH)
|
Batting: RHB Jason Habeck
|
0-0: Ball 1-0: Foul Ball, location: 2F 1-1: Foul Ball, location: 2F 1-2: Ball 2-2: Strikes out swinging
|
Batting: RHB Steve Hughey
|
0-0: Called Strike 0-1: DOUBLE (Groundball, 3L, EV 100.0 MPH) Conor Davies to third
|
Batting: RHB David Kunze
|
0-0: Ball 1-0: Ball 2-0: Called Strike 2-1: Called Strike 2-2: Strikes out swinging
|
Top of the 2nd over - 0 runs, 2 hits, 0 errors, 2 left on base; Los Angeles (NYP) 0 - Spokane 2 |
BOTTOM OF THE 2ND |
Spokane Indians batting - Pitching for Los Angeles (NYP) Angels : RHP Cal Abbott
|
Batting: RHB Dave Brabo
|
0-0: Called Strike 0-1: Called Strike 0-2: Ball 1-2: Foul Ball, location: 2F 1-2: Ground out 4-3 (Groundball, 34, EV 89.4 MPH)
|
Batting: RHB Knud Prins
|
0-0: Called Strike 0-1: Ball 1-1: Ball 2-1: SINGLE (Groundball, 6D, EV 110.6 MPH)
|
Batting: RHB Roberto Monzon
|
0-0: Ball 1-0: Ball 2-0: Called Strike 2-1: Foul Ball, location: 2F 2-2: TRIPLE (Flyball, 89XD, EV 108.1 MPH) Knud Prins scores
|
Pitching: RHP Kevin Greene
|
|
Batting: RHB Theo van Gent
|
0-0: Ball 1-0: Called Strike 1-1: TRIPLE (Flyball, 9LD, EV 97.5 MPH) Roberto Monzon scores
|
Batting: RHB Chance Lamb
|
0-0: Swinging Strike 0-1: Ball 1-1: Foul Ball, location: 2F 1-2: TRIPLE (Line Drive, 78XD, EV 106.2 MPH) Theo van Gent scores
|
Batting: RHB Joe Kemp
|
0-0: Fly out, F7 (Line Drive, 7, EV 93.8 MPH)
|
Batting: RHB Roberto Gonzalez
|
0-0: Ball 1-0: Ball 2-0: Called Strike 2-1: Called Strike 2-2: Foul Ball, location: 2F 2-2: Ball 3-2: Foul Ball, location: 2F 3-2: Strikes out swinging
|
Bottom of the 2nd over - 3 runs, 4 hits, 0 errors, 1 left on base; Los Angeles (NYP) 0 - Spokane 5 |
TOP OF THE 3RD |
Los Angeles (NYP) Angels batting - Pitching for Spokane Indians : RHP Javier Cabrera
|
Batting: RHB Zach Robbins
|
0-0: Ball 1-0: Foul Ball, location: 2F 1-1: Ball 2-1: Foul Ball, location: 2F 2-2: Fly out, F9 (Flyball, 89M, EV 95.6 MPH)
|
Batting: RHB Jeff Long
|
0-0: SINGLE (Line Drive, 6MD, EV 104.4 MPH)
|
Batting: RHB Steve Hasson
|
0-0: Called Strike 0-1: Called Strike Jeff Long steals 2nd base (no throw) 0-2: Strikes out swinging
|
Batting: RHB Jon Griffin
|
0-0: Ball 1-0: DOUBLE (Line Drive, 9LM, EV 96.9 MPH) Jeff Long scores
|
Batting: SHB Conor Davies
|
0-0: Ball 1-0: Called Strike 1-1: TRIPLE (Flyball, 78XD, EV 93.1 MPH) Jon Griffin scores
|
Batting: RHB Tsega Haida
|
0-0: Called Strike 0-1: Ball 1-1: Ground out 6-3 (Groundball, 56, EV 97.5 MPH)
|
Top of the 3rd over - 2 runs, 3 hits, 0 errors, 1 left on base; Los Angeles (NYP) 2 - Spokane 5 |
BOTTOM OF THE 3RD |
Spokane Indians batting - Pitching for Los Angeles (NYP) Angels : RHP Kevin Greene
|
Batting: RHB Zi-jing Wang
|
0-0: Called Strike 0-1: Called Strike 0-2: Ball 1-2: Ground out 1-3 (Groundball, 15, EV 71.2 MPH)
|
Batting: SHB Alvare Bairro
|
0-0: Called Strike 0-1: Ball 1-1: Ball 2-1: Called Strike 2-2: Ground out 6-3 (Groundball, 6, EV 107.5 MPH)
|
Batting: RHB Dave Brabo
|
0-0: Ball 1-0: Fly out, F8 (Flyball, 8LS, EV 87.5 MPH)
|
Bottom of the 3rd over - 0 runs, 0 hits, 0 errors, 0 left on base; Los Angeles (NYP) 2 - Spokane 5 |
TOP OF THE 4TH |
Los Angeles (NYP) Angels batting - Pitching for Spokane Indians : RHP Javier Cabrera
|
Batting: RHB Jason Habeck
|
0-0: Swinging Strike 0-1: Fly out, F8 (Flyball, 8LD, EV 83.8 MPH)
|
Batting: RHB Steve Hughey
|
0-0: Ball 1-0: Ball 2-0: Called Strike 2-1: Foul Ball, location: 2F 2-2: Strikes out looking
|
Batting: RHB David Kunze
|
0-0: Foul Ball, location: 2F 0-1: Called Strike 0-2: Ball 1-2: Foul Ball, location: 2F 1-2: Ground out 3-1 (Groundball, 34, EV 81.2 MPH)
|
Top of the 4th over - 0 runs, 0 hits, 0 errors, 0 left on base; Los Angeles (NYP) 2 - Spokane 5 |
BOTTOM OF THE 4TH |
Spokane Indians batting - Pitching for Los Angeles (NYP) Angels : RHP Kevin Greene
|
Batting: RHB Knud Prins
|
0-0: Foul Ball, location: 2F 0-1: Ball 1-1: Swinging Strike 1-2: Ball 2-2: Ball 3-2: SINGLE (Flyball, 6D, EV 89.4 MPH)
|
Pitching: LHP Alex Pulido
|
|
Batting: RHB Roberto Monzon
|
0-0: Ball 1-0: Ball 2-0: Fielders Choice at 2nd, 3-6 (Groundball, 34, EV 84.4 MPH)
|
Batting: RHB Theo van Gent
|
0-0: Ball Roberto Monzon steals 2nd base 1-0: Called Strike Roberto Monzon steals 3rd base 1-1: Ball 2-1: Ball 3-1: Base on Balls
|
Batting: RHB Chance Lamb
|
0-0: Ball 1-0: Called Strike 1-1: Swinging Strike 1-2: Ball 2-2: Ground out 5-3 (Groundball, 56, EV 111.9 MPH) Roberto Monzon scores Theo van Gent to second
|
Batting: RHB Joe Kemp
|
0-0: Ball 1-0: Ball 2-0: Swinging Strike 2-1: Called Strike 2-2: Ball 3-2: Base on Balls
|
Batting: RHB Roberto Gonzalez
|
0-0: Fly out, F7 (Line Drive, 78M, EV 90.6 MPH)
|
Bottom of the 4th over - 1 run, 1 hit, 0 errors, 2 left on base; Los Angeles (NYP) 2 - Spokane 6 |
TOP OF THE 5TH |
Los Angeles (NYP) Angels batting - Pitching for Spokane Indians : RHP Javier Cabrera
|
Batting: RHB Zach Robbins
|
0-0: Ball 1-0: Swinging Strike 1-1: Called Strike 1-2: DOUBLE (Line Drive, 7LS, EV 98.1 MPH)
|
Batting: RHB Jeff Long
|
0-0: Foul Ball, location: 2F 0-1: Ball 1-1: Swinging Strike 1-2: SINGLE (Groundball, 4MD, EV 96.9 MPH) Zach Robbins to third
|
Batting: RHB Steve Hasson
|
0-0: Called Strike Jeff Long steals 2nd base 0-1: Ball 1-1: Foul Ball, location: 2F 1-2: Strikes out looking
|
Batting: RHB Jon Griffin
|
0-0: Called Strike 0-1: Ball 1-1: Ground out U3 (Groundball, 23, EV 89.4 MPH)
|
Batting: SHB Conor Davies
|
0-0: Called Strike 0-1: Ball 1-1: Ball 2-1: Ball 3-1: Foul Ball, location: 2F 3-2: Ground out 6-3 (Groundball, 6, EV 99.4 MPH)
|
Top of the 5th over - 0 runs, 2 hits, 0 errors, 2 left on base; Los Angeles (NYP) 2 - Spokane 6 |
BOTTOM OF THE 5TH |
Spokane Indians batting - Pitching for Los Angeles (NYP) Angels : LHP Alex Pulido
|
Batting: RHB Zi-jing Wang
|
0-0: Called Strike 0-1: Swinging Strike 0-2: Ball 1-2: Strikes out swinging
|
Batting: SHB Alvare Bairro
|
0-0: Ball 1-0: Ground out 4-3 (Groundball, 34, EV 102.5 MPH)
|
Batting: RHB Dave Brabo
|
0-0: Foul Ball, location: 2F 0-1: Ground out 6-3 (Groundball, 6, EV 101.2 MPH)
|
Bottom of the 5th over - 0 runs, 0 hits, 0 errors, 0 left on base; Los Angeles (NYP) 2 - Spokane 6 |
TOP OF THE 6TH |
Los Angeles (NYP) Angels batting - Pitching for Spokane Indians : RHP Javier Cabrera
|
Batting: RHB Tsega Haida
|
0-0: Called Strike 0-1: Swinging Strike 0-2: Ball 1-2: Ball 2-2: Strikes out looking
|
Batting: RHB Jason Habeck
|
0-0: Ball 1-0: Swinging Strike 1-1: Swinging Strike 1-2: Ball 2-2: Foul Ball, location: 2F 2-2: Strikes out looking
|
Batting: RHB Steve Hughey
|
0-0: Called Strike 0-1: Foul Ball, location: 2F 0-2: Ball 1-2: Strikes out swinging
|
Top of the 6th over - 0 runs, 0 hits, 0 errors, 0 left on base; Los Angeles (NYP) 2 - Spokane 6 |
BOTTOM OF THE 6TH |
Spokane Indians batting - Pitching for Los Angeles (NYP) Angels : LHP Alex Pulido
|
Batting: RHB Knud Prins
|
0-0: Ball 1-0: Called Strike 1-1: Ball 2-1: SINGLE (Line Drive, 78M, EV 110.6 MPH)
|
Batting: RHB Roberto Monzon
|
0-0: Ball Wild Pitch! Knud Prins to second 1-0: Called Strike 1-1: Ball 2-1: Ground out 5-3 (Groundball, 5S, EV 61.9 MPH) Knud Prins to third
|
Pitching: RHP Chris Petrey
|
|
Batting: RHB Theo van Gent
|
0-0: Fly out, F8 (Line Drive, 8RD, EV 92.5 MPH) Runner from 3rd tags up, SCORES, no throw by CF
|
Batting: RHB Chance Lamb
|
0-0: Fly out, F6 (Popup, 15S, EV 95.0 MPH)
|
Bottom of the 6th over - 1 run, 1 hit, 0 errors, 0 left on base; Los Angeles (NYP) 2 - Spokane 7 |
TOP OF THE 7TH |
Los Angeles (NYP) Angels batting - Pitching for Spokane Indians : RHP Javier Cabrera
|
Pitching: RHP Cássio Blemarcick
|
|
Batting: RHB David Kunze
|
0-0: Ball 1-0: Ball 2-0: Called Strike 2-1: Foul Ball, location: 2F 2-2: Fly out, F6 (Popup, 6S, EV 60.6 MPH)
|
Batting: RHB Zach Robbins
|
0-0: Ball 1-0: Foul Ball, location: 2F 1-1: Called Strike 1-2: Ball 2-2: Foul Ball, location: 2F 2-2: Foul Ball, location: 2F 2-2: Strikes out swinging
|
Batting: RHB Jeff Long
|
0-0: Ball 1-0: Called Strike 1-1: Called Strike 1-2: Ball 2-2: Fly out, F8 (Flyball, 8LS, EV 95.0 MPH)
|
Top of the 7th over - 0 runs, 0 hits, 0 errors, 0 left on base; Los Angeles (NYP) 2 - Spokane 7 |
BOTTOM OF THE 7TH |
Spokane Indians batting - Pitching for Los Angeles (NYP) Angels : RHP Chris Petrey
|
Batting: RHB Joe Kemp
|
0-0: Ball 1-0: Called Strike 1-1: SINGLE (Groundball, 34D, EV 98.8 MPH)
|
Batting: RHB Roberto Gonzalez
|
0-0: Ball 1-0: Called Strike 1-1: Ball Joe Kemp steals 2nd base 2-1: SINGLE (Groundball, 6MD, EV 101.2 MPH) Joe Kemp to third Runner from 3rd tries for Home, SAFE, throw by CF to home Roberto Gonzalez to second
|
Batting: RHB Zi-jing Wang
|
0-0: Called Strike 0-1: Ball 1-1: SINGLE (Groundball, 6S, EV 65.0 MPH) (infield hit) Roberto Gonzalez to third
|
Batting: SHB Alvare Bairro
|
0-0: Called Strike Zi-jing Wang steals 2nd base 0-1: Ball 1-1: Ball Passed Ball! Roberto Gonzalez scores Zi-jing Wang to third 2-1: Swinging Strike 2-2: Strikes out looking
|
Batting: RHB Dave Brabo
|
0-0: Called Strike 0-1: Ground out 4-3 (Groundball, 34D, EV 100.6 MPH) Zi-jing Wang scores
|
Batting: RHB Knud Prins
|
0-0: Ball 1-0: Ground out 6-3 (Groundball, 6, EV 103.8 MPH)
|
Bottom of the 7th over - 3 runs, 3 hits, 0 errors, 0 left on base; Los Angeles (NYP) 2 - Spokane 10 |
TOP OF THE 8TH |
Los Angeles (NYP) Angels batting - Pitching for Spokane Indians : RHP Cássio Blemarcick
|
Now at 1B: Roger Renteria
|
|
Batting: RHB Steve Hasson
|
0-0: Ground out 2-3 (Groundball, 2R, EV 73.1 MPH)
|
Batting: RHB Jon Griffin
|
0-0: Ball 1-0: Ball 2-0: Called Strike 2-1: Ball 3-1: Called Strike 3-2: Ground out 6-3 (Groundball, 6, EV 90.0 MPH)
|
Batting: SHB Conor Davies
|
0-0: Fly out, F8 (Flyball, 8RXD, EV 93.8 MPH)
|
Top of the 8th over - 0 runs, 0 hits, 0 errors, 0 left on base; Los Angeles (NYP) 2 - Spokane 10 |
BOTTOM OF THE 8TH |
Spokane Indians batting - Pitching for Los Angeles (NYP) Angels : RHP Chris Petrey
|
Batting: RHB Roberto Monzon
|
0-0: Swinging Strike 0-1: Swinging Strike 0-2: Strikes out looking
|
Batting: RHB Theo van Gent
|
0-0: Ball 1-0: Called Strike 1-1: SINGLE (Flyball, 34D, EV 91.9 MPH)
|
Batting: RHB Chance Lamb
|
0-0: Called Strike Theo van Gent steals 2nd base (no throw) 0-1: Ball Wild Pitch! Theo van Gent to third 1-1: Ball 2-1: Ball 3-1: Swinging Strike 3-2: Base on Balls
|
Pitching: LHP Brandon Davis
|
|
Batting: RHB Joe Kemp
|
0-0: Called Strike 0-1: Ball 1-1: Ball 2-1: Foul Ball, location: 2F 2-2: Ball 3-2: Foul Ball, location: 2F 3-2: Fly out, F7 (Flyball, 7S, EV 80.6 MPH)
|
Batting: RHB Roger Renteria
|
0-0: Ball 1-0: Ball 2-0: Called Strike 2-1: Ball 3-1: Fly out, F5 (Line Drive, 5, EV 63.8 MPH)
|
Bottom of the 8th over - 0 runs, 1 hit, 0 errors, 2 left on base; Los Angeles (NYP) 2 - Spokane 10 |
TOP OF THE 9TH |
Los Angeles (NYP) Angels batting - Pitching for Spokane Indians : RHP Cássio Blemarcick
|
Batting: RHB Tsega Haida
|
0-0: Called Strike 0-1: Ball 1-1: Foul Ball, location: 2F 1-2: Ball 2-2: Foul Ball, location: 2F 2-2: Ball 3-2: Foul Ball, location: 2F 3-2: Foul Ball, location: 2F 3-2: Base on Balls
|
Batting: RHB Jason Habeck
|
0-0: Ground out 6-3 (Groundball, P, EV 85.6 MPH) Tsega Haida to second
|
Batting: RHB Steve Hughey
|
0-0: Ball 1-0: Ground out 1-3 (Groundball, 13S, EV 67.5 MPH) Tsega Haida to third
|
Batting: RHB David Kunze
|
0-0: Called Strike 0-1: Ball 1-1: Ball 2-1: Foul Ball, location: 2F 2-2: Foul Ball, location: 2F 2-2: Foul Ball, location: 2F 2-2: Strikes out looking
|
Top of the 9th over - 0 runs, 0 hits, 0 errors, 1 left on base; Los Angeles (NYP) 2 - Spokane 10 |
|